[Event "*** SCC Grand Prix: Titled Tuesday Blitz"]
[Site "Chess.com"]
[Date "2020.07.21"]
[Round "7"]
[White "Semen_Khanin"]
[Black "LPSupi"]
[Result "1-0"]
[WhiteElo "2759"]
[BlackElo "2861"]
[TimeControl "180+1"]
[EndTime "11:18:32 PDT"]
[Termination "Semen_Khanin won by checkmate"]

1. e4 c5 2. Nf3 d6 3. d4 cxd4 4. Nxd4 Nf6 5. Nc3 a6 6. f3 e5 7. Nb3 Be6 8. Be3 h5 9. Qd2 Nbd7 10. Nd5 Bxd5 11. exd5 g6 12. Be2 Bg7 13. c4 b6 14. O-O O-O 15. Rae1 Re8 16. Kh1 a5 17. Na1 e4 18. Nb3 exf3 19. gxf3 Nh7 20. Nd4 Qh4 21. Bf2 Qh3 22. Rg1 Nc5 23. Nb5 Re7 24. Bg3 Be5 25. Nxd6 Qd7 26. Ne4 Nxe4 27. fxe4 Nf6 28. Bxe5 Rxe5 29. Qf4 Qe7 30. Bd3 Re8 31. Rgf1 Kg7 32. Qf2 Qd6 33. Qd4 R8e7 34. Re2 Nd7 35. a3 Kg8 36. Bc2 Rg5 37. b4 axb4 38. axb4 Qxb4 39. d6 Re6 40. Ref2 f6 41. e5 Rexe5 42. Be4 Kg7 43. Bc6 Rg4 44. Qd3 Nc5 45. Qf3 Qxc4 46.
Qxf6+ Kh6 47. Qh8+ Kg5 48. Qf6+ Kh6 49. Qf8+ Kg5 50.
Qd8+ Kh6 51. Rf8 Re8 52. Qxe8 Ne6 53. Rh8+ Kg5 54. Qe7# 1-0

[Event "*** SCC Grand Prix: Titled Tuesday Blitz"]
[Site "Chess.com"]
[Date "2020.07.21"]
[Round "7"]
[White "QuintilianoR"]
[Black "GMBenjaminBok"]
[Result "1/2-1/2"]
[WhiteElo "2691"]
[BlackElo "2860"]
[TimeControl "180+1"]
[EndTime "11:18:32 PDT"]
[Termination "Game drawn by repetition"]

1. Nf3 d5 2. e3 Nf6 3. c4 c6 4. Nc3 e6 5. d4 Nbd7 6. Be2 Bd6 7.
O-O O-O 8. a4 a5 9. Qc2 dxc4 10.
Bxc4 e5 11. h3 Qe7 12. Bd2 Re8 13. Ba2 h6 14. Nh4 Nf8 15. Nf5 Bxf5 16. Qxf5 exd4 17. exd4 Bc7 18. Rad1 Rad8 19. d5 cxd5 20. Nxd5 Rxd5 21. Bxd5 Qd6 22. g3 Qxd5 23. Qxd5 Nxd5 24. Bxa5 Bxa5 25. Rxd5 b6 26. Rb5 Re4 27. b3 Ne6 28. Rc1 Nd4 29. Rc8+ Kh7 30. b4 Nxb5 31. bxa5 Rxa4 32. axb6 Nd6 33.
Rd8 Nb7 34. Rd7 Nc5 35. Rxf7 Rb4 36. Rc7 Na6 37. Rc6 Rb5 38. Rd6 Nb4 39. Kg2 Nd5 40.
b7 Nc7 41. Rd7 Rxb7 42. h4 Ra7 43. h5 Nb5 44. Rd5 Rb7 45. Re5 Nd6 46. Rd5 Ne8 47.
g4 Nf6 48. Rd4 Rb5 49. Kg3 Rd5 50. Ra4 Kg8 51. f3 Kf7 52. Ra7+ Rd7 53. Ra3 Rd4 54. Ra7+ Rd7 55. Ra3 Rc7 56. Ra6 Ke7 57. Ra3 Rd7 58.
Re3+ Kf7 59. Ra3 1/2-1/2

[Event "*** SCC Grand Prix: Titled Tuesday Blitz"]
[Site "Chess.com"]
[Date "2020.07.21"]
[Round "7"]
[White "seorobert1971"]
[Black "iaraldinho"]
[Result "1-0"]
[WhiteElo "2686"]
[BlackElo "2527"]
[TimeControl "180+1"]
[EndTime "11:18:32 PDT"]
[Termination "seorobert1971 won on time"]

1. c4 f5 2. Nc3 Nf6 3. g3 g6 4.
Bg2 Bg7 5. d4 O-O 6. Nf3 d6 7. d5 Qe8 8. O-O a5 9. Nd4 Na6 10. b3 Bd7 11. Bg5 c6 12. Qd2 Nc7 13. a4 Na6 14. Rab1 Nc5 15. f3 cxd5 16. Bxf6 Bxf6 17. Nxd5 Qd8 18. Nxf6+ Rxf6 19. Rfe1 Qb6 20.
Kh1 Bc6 21. Qe3 e5 22. Nb5 Bxb5 23. cxb5 Nxa4 24. Qg5 Nc3 25. Qxf6 Nxb1 26. Rxb1 Qxb5 27. e4 Qd3 28. Rc1 Qd2 29. Rf1 Rf8 30. Qe6+ Kg7 31. exf5 Rxf5 32. Qd7+ Rf7 33. Qb5 d5 34. h4 Re7 35.
Kh2 Rf7 36. Qc5 e4 37. Qc1 Qxc1 38. Rxc1 exf3 39. Bf1 Re7 40. Rc3 Re1 41. Rxf3 Rb1 42. Bh3 b5 43. Bd7 Rb2+ 44. Kh3 a4 45. bxa4 bxa4 46. Bxa4 d4 47. Rd3 Rb4 48. Bd1 Kf6 49.
Kg4 Ke5 50. Kf3 Rb2 51. Be2 h6 52. Ra3 g5 53. Ra5+ Kf6 54. hxg5+ hxg5 55. Bd3 Rd2 56. Be4 Rd1 57. g4 d3 58. Bf5 Rg1 59. Ke3 1-0

[Event "*** SCC Grand Prix: Titled Tuesday Blitz"]
[Site "Chess.com"]
[Date "2020.07.21"]
[Round "7"]
[White "goofypenguin96"]
[Black "lelya96"]
[Result "0-1"]
[WhiteElo "2361"]
[BlackElo "2198"]
[TimeControl "180+1"]
[EndTime "11:18:32 PDT"]
[Termination "lelya96 won by checkmate"]

1. e4 e5 2. Bc4 Nf6 3. Nc3 Nc6 4.
d3 Be7 5. f4 d6 6. Nf3 Bg4 7. Be3 exf4 8. Bxf4 Nd4 9. Be3 Nxf3+ 10. gxf3 Bd7 11. Qd2 a6 12. a4 b5 13. axb5 axb5 14.
Rxa8 Qxa8 15. Nxb5 Qa1+ 16. Qc1 Qa5+ 17. Nc3 Qh5 18.
Ke2 O-O 19. Qg1 c6 20. Qg3 d5 21. Bb3 Be6 22. Rg1 g6 23. e5 Nd7 24. d4 Bh4 25.
Qg2 c5 26. Bxd5 cxd4 27. Bxd4 Nxe5 28. Be4 Bc4+ 29. Ke3 Re8 30. f4 Nc6 31. Be5 Nxe5 32. fxe5 Qxe5 33. Kd2 Qf4+ 34. Kd1 Rd8+ 35. Bd5 Bxd5 36.
Nxd5 Qd4+ 37. Kc1 Rxd5 38. Kb1 Bf2 39. Rf1 Be3 40. Re1 Qd2 41. Qg3 Bf4 42. Re8+ Kg7 43. Qb3 Qd1+ 44. Ka2 Ra5+ 45. Qa3 Rxa3+ 46. Kxa3 Qd6+ 47.
Ka2 Qd5+ 48. Kb1 Be5 49. Rc8 Qd4 50. Rb8 Bxb8 51. h4 Be5 52. c3 Qd3+ 53. Ka2 f5 54.
h5 f4 55. h6+ Kxh6 56. Kb3 f3 57. Ka4 f2 58. b4 f1=Q 59. Ka5 Qb5# 0-1

[Event "*** SCC Grand Prix: Titled Tuesday Blitz"]
[Site "Chess.com"]
[Date "2020.07.21"]
[Round "7"]
[White "ArjunErigaisi2003"]
[Black "AlexVanGog"]
[Result "1-0"]
[WhiteElo "3046"]
[BlackElo "2818"]
[TimeControl "180+1"]
[EndTime "11:18:34 PDT"]
[Termination "ArjunErigaisi2003 won by resignation"]

1. d4 Nf6 2. c4 g6 3. Nc3 d5 4. Nf3 Bg7 5. h4 c6 6. Bg5 O-O 7. e3 Bf5 8. Bxf6 Bxf6 9. cxd5 c5 10. h5 Bg4 11. hxg6 hxg6 12. dxc5 Qa5 13. Qd2 Qxc5 14. Ne4 Qb6 15. Nd4 Bg7 16. f3 Bd7 17. g4 Na6 18.
Bxa6 bxa6 19. Rc1 Rfc8 20. Kf2 Rab8 21. Nb3 a5 22. Nbc5 Be8 23. b3 Rd8 24. Rc4 Bb5 25.
Na4 Qb7 26. Rc5 Bxa4 27. bxa4 Qb2 28. Rd1 Qa3 29. Rc2 Qxa4 30. Qe2 Qb5 31. Qxb5 Rxb5 32. d6 exd6 33. Rxd6 Rdb8 34. f4 Bf8 35. Rd1 Kg7 36.
g5 Be7 37. Rd7 R8b7 38. Rcc7 Rxc7 39. Rxc7 Bd8 40. Rxf7+ Kxf7 41. Nd6+ Ke6 42. Nxb5 Kd5 43. Ke2 Kc4 44. Nxa7 Kc5 45. Kd3 Kb6 46. Nc8+ Kc7 47.
Na7 Kb6 48. Kc4 Kxa7 49. Kd5 Kb6 50. Ke6 Kc6 51. f5 Bxg5 52. fxg6 Bh6 53. e4 Kc5 54. e5 Kd4 55. Kf6 Kd5 56. e6 Kd6 57. e7 Bg5+ 58. Kxg5 Kxe7 59. Kh6 1-0

[Event "*** SCC Grand Prix: Titled Tuesday Blitz"]
[Site "Chess.com"]
[Date "2020.07.21"]
[Round "7"]
[White "Indianlad"]
[Black "Beca95"]
[Result "1-0"]
[WhiteElo "2985"]
[BlackElo "2843"]
[TimeControl "180+1"]
[EndTime "11:18:35 PDT"]
[Termination "Indianlad won by resignation"]

1. d4 Nf6 2. c4 c5 3. d5 e6 4. Nc3 exd5 5. cxd5 d6 6. e4 g6 7.
h3 Bg7 8. Be3 O-O 9. Nf3 Re8 10.
Nd2 Nbd7 11. Be2 h6 12. O-O g5 13. a4 Ne5 14. f4 gxf4 15. Bxf4 Nh7 16. Ra3 Nf8 17. Qe1 Nfg6 18. Be3 Bd7 19. Qf2 Qe7 20. Rfa1 a6 21. Nf1 Rab8 22. Ng3 b5 23. axb5 axb5 24. Ra7 b4 25. Nb5 Qf8 26. Nc7 Red8 27. Nf5 c4 28.
Bd4 c3 29. bxc3 b3 30. Ne6 fxe6 31. dxe6 b2 32. Rb1 Qe8 33. exd7 Rxd7 34. Rxd7 Qxd7 35.
Bh5 Nd3 36. Qg3 Nge5 37. Nxh6+ Kh7 38. Nf5 Bf6 39. Be2 Rg8 40. Qe3 Bg5 41. Qxd3 Nxd3 42.
Bxd3 Qb7 43. Nxd6 Qb3 44. e5+ Rg6 45. Rf1 Kg7 46. Nf5+ Kh8 47. Nd6 Rg7 48. Rf8+ Qg8 49. Rxg8+ Kxg8 50. e6 Re7 51. Ne4 Bc1 52. Nf6+ Kf8 53. Bc5 Be3+ 54. Bxe3 Rxe6 55. Bc5+ Kf7 56. Ne4 Ra6 57. Nd6+ Ke6 58. Nc4 Ra1+ 59. Kf2 Kd5 60.
Nxb2 Kxc5 61. Be2 1-0

[Event "*** SCC Grand Prix: Titled Tuesday Blitz"]
[Site "Chess.com"]
[Date "2020.07.21"]
[Round "7"]
[White "TargetA"]
[Black "alexrustemov"]
[Result "1-0"]
[WhiteElo "2569"]
[BlackElo "2683"]
[TimeControl "180+1"]
[EndTime "11:18:35 PDT"]
[Termination "TargetA won by resignation"]

1. e4 e6 2. d4 d5 3. Nc3 dxe4 4. Nxe4 Bd7 5. Nf3 Bc6 6. Bd3 Nd7 7. O-O Ngf6 8. Qe2 Nxe4 9. Bxe4 Bxe4 10. Qxe4 c6 11.
Bf4 Be7 12. Ne5 O-O 13. Rad1 Nf6 14. Qf3 Qd5 15. c4 Qxf3 16. Nxf3 Rfd8 17. Rfe1 h6 18. h3 Bf8 19. a3 a5 20. Ne5 a4 21. Bh2 g6 22. c5 Nd5 23. Nc4 Rd7 24. Bd6 Bxd6 25.
Nxd6 b5 26. g3 Rad8 27. Kg2 Ne7 28. g4 Nc8 29. Nxc8 Rxc8 30. Kf3 Rcd8 31. Ke4 Rd5 32. f4 Kg7 33. Rd3 h5 34. Red1 Rh8 35. g5 Rb8 36. b4 axb3 37. Rxb3 Ra8 38. Rdd3 Rd7 39. Ke5 Kf8 40.
Rb4 Ke7 41. a4 Rxa4 42. Rxa4 bxa4 43. Ra3 Ra7 44. Ke4 Kd7 45. Kd3 Rb7 46. Rxa4 Rb3+ 47. Ke4 Rxh3 48. Ra7+ Ke8 49. Ke5 Rf3 50. Kd6 Kf8 51.
Kxc6 Rxf4 52. d5 exd5 53. Kxd5 Rf5+ 54. Kd6 Rxg5 55. c6 Rg1 56. c7 Rc1 57. Ra8+ Kg7 58.
c8=Q Rxc8 59. Rxc8 h4 60. Ke5 g5 61. Kf5 f6 62. Rc7+ Kh6 63. Kxf6 Kh5 64. Kf5 Kh6 65. Kg4 Kg6 66. Rc6+ 1-0

[Event "*** SCC Grand Prix: Titled Tuesday Blitz"]
[Site "Chess.com"]
[Date "2020.07.21"]
[Round "7"]
[White "rynos0411"]
[Black "Andrei_Belozerov"]
[Result "0-1"]
[WhiteElo "2390"]
[BlackElo "2551"]
[TimeControl "180+1"]
[EndTime "11:18:35 PDT"]
[Termination "Andrei_Belozerov won by resignation"]

1. e4 e5 2. Nf3 Nc6 3. d4 exd4 4. Nxd4 Bc5 5. Be3 Qf6 6. Nb5 Bxe3 7. fxe3 Qh4+ 8. g3 Qd8 9. Qg4 Kf8 10. Qf4 d6 11. Bc4 Ne5 12. O-O Nf6 13. Bb3 Bh3 14. Re1 g5 15. Qf2 Nfg4 16. Qe2 h5 17. Nd4 h4 18.
Nd2 hxg3 19. hxg3 Qf6 20. Nf5 Nh6 21. Nc4 Nxf5 22. exf5 Qxf5 23. Nxe5 Qxe5 24. Qf2 f6 25. Rad1 c6 26. Rd4 Kg7 27. Red1 Rad8 28. e4 Bg4 29. R1d2 Rh3 30. R4d3 Rdh8 31. Qg2 Qc5+ 32. Rd4 Be2 33. c3 Bf1 34. Qf3 Qe5 35. Kxf1 Rxg3 36.
Qf5 Rh1+ 37. Ke2 Rg2+ 38. Kd3 Rxd2+ 39. Kxd2 Qh2+ 40. Kd3 Qg3+ 41. Kc4 b5+ 42. Kb4 c5+ 43. Kxb5 cxd4 44. Qd7+ Kh6 45. Qe8 g4 46. Qh8+ Kg5 47.
Qxh1 dxc3 48. bxc3 Qxc3 49. Qf1 Qc5+ 50. Ka4 Qd4+ 51.
Ka3 Qxe4 52. Qc1+ Qf4 53. Qc7 Qe5 54. Qg7+ Kf4 55. Qh6+ Qg5 56. Qh2+ g3 57. Qd2+ Kg4 58. Be6+ f5 59. Qe2+ Kh4 60. Qe1 Qf4 61. Qh1+ Kg5 62. Bf7 Qe3+ 63. Kb2 Qe2+ 64. Kb3 g2 65. Qh5+ Qxh5 0-1

[Event "*** SCC Grand Prix: Titled Tuesday Blitz"]
[Site "Chess.com"]
[Date "2020.07.21"]
[Round "7"]
[White "Ariadna_Atreides"]
[Black "warmoatmeal"]
[Result "0-1"]
[WhiteElo "2111"]
[BlackElo "2358"]
[TimeControl "180+1"]
[EndTime "11:18:35 PDT"]
[Termination "warmoatmeal won by resignation"]

1. d4 Nf6 2. Nf3 b6 3. e3 Bb7 4. Bd3 e6 5. b3 Be7 6. Bb2 O-O 7.
O-O d6 8. c4 Nbd7 9. Nbd2 c5 10. Qe2 Qc7 11. Rac1 e5 12. d5 Rae8 13. Bb1 Bc8 14.
Ne1 g6 15. Qd3 Kg7 16. f4 Ng4 17. h3 Nh6 18. fxe5 Nxe5 19. Nef3 f6 20. Nxe5 fxe5 21. e4 Bg5 22. Nf3 Bxc1 23. Bxc1 Nf7 24. Qe3 Qe7 25.
a3 Kg8 26. b4 h6 27. Bd3 g5 28. Be2 Nh8 29. Qf2 Ng6 30. h4 g4 31. Bxh6 gxf3 32. Bxf8 Rxf8 33. Bxf3 Nxh4 34. Qg3+ Kh8 35. Qh2 Kg7 36.
Qg3+ Kh6 37. Qh2 Qg5 38. g3 Qe3+ 39. Kh1 Rxf3 40. Qxh4+ Kg6 41. Rg1 Qh6 42. Qxh6+ Kxh6 43. bxc5 bxc5 44. Rb1 Rxa3 45. Rb8 Bg4 46. Rd8 Bf3+ 47. Kh2 Bxe4 48. Rxd6+ Kg5 49. Re6 Ra1 50. Rxe5+ Bf5 51.
d6 Kf6 52. Rxc5 Bd7 53. Rc7 Ke6 54. c5 Ra2+ 55. Kg1 Rc2 56. Kh1 a5 57. g4 a4 58. g5 a3 59. g6 a2 60. Ra7 Rc1+ 61. Kg2 a1=Q 62. Rxa1 Rxa1 63. g7 Kf7 64. c6 Bxc6+ 65.
Kg3 Kxg7 0-1

[Event "*** SCC Grand Prix: Titled Tuesday Blitz"]
[Site "Chess.com"]
[Date "2020.07.21"]
[Round "7"]
[White "deep306"]
[Black "Igor_Lysyj"]
[Result "0-1"]
[WhiteElo "2590"]
[BlackElo "2822"]
[TimeControl "180+1"]
[EndTime "11:18:36 PDT"]
[Termination "Igor_Lysyj won on time"]

1. e4 e5 2. Nf3 Nc6 3. Bc4 Bc5 4. c3 Nf6 5. d4 exd4 6. e5 d5 7. Bb5 Ne4 8. cxd4 Bb6 9. Nc3 O-O 10. Be3 Bg4 11.
h3 Bh5 12. Qc2 Nxc3 13. bxc3 f6 14. Bxc6 bxc6 15. exf6 Qxf6 16. Ne5 Qe6 17. O-O Bg6 18. Qa4 Be8 19. Qa3 Qd6 20. Qb3 a5 21. a4 c5 22. f4 c4 23. Qc2 Bd7 24. f5 Rae8 25. Rf3 c5 26. Raf1 cxd4 27. cxd4 Bc7 28. g4 Bc8 29. g5 Rxe5 30. dxe5 Qxe5 31. Bf4 Qd4+ 32. Be3 Qe4 33. Qxe4 dxe4 34. R3f2 Be5 35. Rc2 c3 36. f6 gxf6 37. gxf6 Rxf6 38. Rxf6 Bxf6 39. Kg2 Bd7 40. Bb6 Bxa4 41. Rc1 c2 42. Be3 Bb2 43. Kf2 Bxc1 44. Bxc1 Bb5 45. Ke3 Bd3 46. Ba3 Kf7 47. Kd2 Ke6 48. Bc5 Kf5 49. Be3 a4 50. Kc1 a3 51. Bd2 Ke5 52. Be3 Kd5 53. Bf4 Kc4 54. Bd6 Kb3 55. Be5 a2 56. Kd2 e3+ 0-1

[Event "*** SCC Grand Prix: Titled Tuesday Blitz"]
[Site "Chess.com"]
[Date "2020.07.21"]
[Round "7"]
[White "Schack-Hugo"]
[Black "KyrgyzFighter"]
[Result "0-1"]
[WhiteElo "2194"]
[BlackElo "2340"]
[TimeControl "180+1"]
[EndTime "11:18:36 PDT"]
[Termination "KyrgyzFighter won on time"]

1. c3 f5 2. d4 Nf6 3. Nf3 g6 4. g3 Bg7 5. Bg2 O-O 6. O-O d6 7. Bg5 Qe8 8. Nbd2 Nbd7 9. Re1 e5 10. dxe5 dxe5 11. Bxf6 Nxf6 12. e4 f4 13. gxf4 exf4 14. e5 Nh5 15. Ne4 Kh8 16. Nc5 b6 17. Ng5 Rb8 18.
Nd3 h6 19. Ne4 Bf5 20. Nf6 Bxf6 21. exf6 Qf7 22. Ne5 Qxf6 23. Nc6 Rbe8 24. Qd4 Bg4 25. h3 Qxd4 26. Nxd4 Bd7 27. Bc6 Rxe1+ 28. Rxe1 Bxh3 29. Bf3 Ng7 30. Nc6 g5 31. Nxa7 Bd7 32. Nc6 g4 33. Ne5 Re8 34. Bxg4 Bxg4 35. Nf7+ Kh7 36. Rxe8 Nxe8 37.
Ne5 Bf5 38. Nc6 Nd6 39. Nd4 Bb1 40. Nc6 Bxa2 41. Nd4 Bd5 42. Ne2 f3 43. Nd4 Kg6 44. Kh2 c5 45. Nc2 Ne4 46. Ne3 Bc6 47. Kg1 Kg5 48. b4 cxb4 49. cxb4 h5 50. Nc4 b5 51. Ne5 Bd5 52. Nxf3+ Kf4 53. Nd4 Bc4 54. Nc2 Nc3 55.
Ne3 Ne2+ 56. Kg2 Nd4 57. Nd1 Bd5+ 0-1

[Event "*** SCC Grand Prix: Titled Tuesday Blitz"]
[Site "Chess.com"]
[Date "2020.07.21"]
[Round "7"]
[White "Ze-Pequeno"]
[Black "BJthechessgod"]
[Result "1-0"]
[WhiteElo "2242"]
[BlackElo "2299"]
[TimeControl "180+1"]
[EndTime "11:18:37 PDT"]
[Termination "Ze-Pequeno won on time"]

1. e4 c5 2. Nf3 Nc6 3. d4 cxd4 4. Nxd4 g6 5. c4 Nf6 6. Nc3 d6 7. Be2 Nxd4 8. Qxd4 Bg7 9. Be3 O-O 10. Qd2 Be6 11. f3 Qa5 12. Rc1 Rfc8 13. b3 a6 14. Na4 Qxd2+ 15. Kxd2 Nd7 16. g4 f5 17. exf5 gxf5 18. h3 Rc7 19. f4 Nc5 20. Nb6 Ne4+ 21. Ke1 Rf8 22. Bf3 Bc3+ 23. Kd1 Ba5 24. Bxe4 fxe4 25.
Ke2 Rc6 26. Nd5 Bxd5 27. cxd5 Rxc1 28. Rxc1 Kf7 29. Rc4 b5 30. Rxe4 Rc8 31. Kd1 Bc3 32. f5 Bb2 33. Bg5 Bf6 34. Be3 Rc3 35. Kd2 Rc8 36.
g5 Be5 37. h4 a5 38. a4 b4 39.
Rc4 Rxc4 40. bxc4 b3 41. Bb6 Bg3 42. Kc1 Bxh4 43. Bxa5 Bxg5+ 44. Kb2 h5 45. Be1 h4 46. a5 h3 47. Bg3 Be3 48. Kxb3 Kf6 49. a6 Kxf5 50.
Kb4 Bc5+ 51. Kb5 Kg4 52. Bh2 Kf3 53. Kc6 Kg2 54. Bf4 h2 55. Bxh2 Kxh2 56. Kd7 Kg3 57.
Kxe7 Kf4 58. a7 1-0

[Event "*** SCC Grand Prix: Titled Tuesday Blitz"]
[Site "Chess.com"]
[Date "2020.07.21"]
[Round "7"]
[White "andy_rekt"]
[Black "maxip32"]
[Result "0-1"]
[WhiteElo "2225"]
[BlackElo "2420"]
[TimeControl "180+1"]
[EndTime "11:18:38 PDT"]
[Termination "maxip32 won by resignation"]

1. d4 Nf6 2. c4 g6 3. Nc3 Bg7 4.
e4 d6 5. Nge2 O-O 6. Ng3 c5 7.
d5 e6 8. Be2 exd5 9. cxd5 h5 10. Bg5 Nbd7 11. O-O a6 12. a4 Qc7 13. f4 Nh7 14.
Bh4 Bd4+ 15. Kh1 Ndf6 16. e5 dxe5 17. fxe5 Bxe5 18. Nge4 Nxe4 19. Nxe4 f5 20. d6 Qc6 21. Bc4+ Kg7 22. Bd5 Qd7 23. Nxc5 Qxd6 24. Nxb7 Bxb7 25. Bxb7 Ra7 26. Qxd6 Bxd6 27. Bd5 Nf6 28. Bc4 a5 29. Bf2 Rb7 30. b3 Re8 31. Rad1 Bb4 32. Bd4 Rf8 33. Bb2 Kh6 34. Bc1+ Kh7 35. Rf2 Ne4 36. Rf3 Re8 37. g3 Rbe7 38. Kg2 Nd6 39. Bd5 Re2+ 40. Rf2 Rxf2+ 41. Kxf2 Ne4+ 42. Bxe4 Rxe4 43. Rd7+ Kg8 44. Be3 h4 45. Bd4 Kf8 46. Kf3 hxg3 47. hxg3 g5 48.
Rd5 g4+ 49. Kf2 Rxd4 50. Rxd4 Bc5 51. Ke3 f4+ 52. gxf4 g3 53. Kf3 Bxd4 54. Kxg3 Ke7 55.
Kf3 Kd6 56. Ke4 Kc5 57. f5 Bf6 58. Kd3 Kb4 59. Kc2 Be5 60. Kd3 Kxb3 61. Ke4 Bh8 0-1

[Event "*** SCC Grand Prix: Titled Tuesday Blitz"]
[Site "Chess.com"]
[Date "2020.07.21"]
[Round "7"]
[White "Phriex"]
[Black "TudorAnton"]
[Result "1-0"]
[WhiteElo "2392"]
[BlackElo "2499"]
[TimeControl "180+1"]
[EndTime "11:18:41 PDT"]
[Termination "Phriex won by resignation"]

1. d4 Nf6 2. c4 e6 3. Nc3 Bb4 4. Qc2 c5 5. dxc5 O-O 6. Nf3 Na6 7.
a3 Bxc3+ 8. Qxc3 Nxc5 9. e3 b6 10. b4 Nce4 11. Qc2 d6 12. Bd3 Bb7 13. O-O e5 14.
Bb2 Rc8 15. Rfd1 Qc7 16. Rac1 h6 17. Qe2 Qb8 18. Bb1 Rfd8 19. h3 Qa8 20. Ba2 Ng5 21. Ne1 Ne6 22. Nf3 Bxf3 23. Qxf3 Qxf3 24. gxf3 Kf8 25.
c5 dxc5 26. Bxe6 fxe6 27. Rxd8+ Rxd8 28. bxc5 bxc5 29. Rxc5 Nd7 30. Rc7 Ke8 31. Rxa7 Rb8 32. Bc3 Rb3 33. Bb4 g5 34. Ra8+ Kf7 35. Ra7 Ke8 36.
Kg2 h5 37. Ra8+ Kf7 38. Ra7 Ke8 39. Kg3 Rb1 40. h4 gxh4+ 41. Kxh4 Rh1+ 42. Kg3 Rg1+ 43. Kh2 Rf1 44. Kg2 Rb1 45. Ra8+ Kf7 46. Rh8 Nf6 47. Bd6 Rb5 48. e4 Kg7 49. Ra8 h4 50. Kh3 Rb3 51.
Bxe5 Rxf3+ 52. Kxh4 Kg6 53. Bxf6 Rxf6 54. Kg3 Rf7 55.
f4 Kf6 56. Ra6 Rg7+ 57. Kf3 Rg1 58. f5 Rf1+ 59. Ke2 Ra1 60. Rxe6+ Kg5 61. Ra6 Kf4 62.
Kd3 Rd1+ 63. Kc4 Kxe4 64. f6 Rc1+ 65. Kb5 Rf1 66. a4 Kd5 67. a5 Rb1+ 68. Ka4 Kc5 69.
f7 Rf1 70. Ra7 Kc6 71. Kb4 Rf4+ 72. Kc3 Kb5 73. Kd3 Kc6 74. Ke3 Rf1 75. Ke4 Kd6 76.
Kd4 Rf4+ 77. Ke3 Rf1 78. a6 Kc6 79. Ke2 Rf5 80. Ke3 Kb6 81. Re7 Kxa6 82. Ke4 Kb6 83. Kxf5 1-0

[Event "*** SCC Grand Prix: Titled Tuesday Blitz"]
[Site "Chess.com"]
[Date "2020.07.21"]
[Round "7"]
[White "Agibileg"]
[Black "Panterov"]
[Result "0-1"]
[WhiteElo "2403"]
[BlackElo "2192"]
[TimeControl "180+1"]
[EndTime "11:18:41 PDT"]
[Termination "Panterov won by resignation"]

1. d4 d5 2. c4 c6 3. Nc3 e5 4.
cxd5 cxd5 5. dxe5 d4 6. Ne4 Qa5+ 7. Bd2 Qxe5 8. Ng3 Qd5 9. Nf3 Nc6 10. Bc3 Bc5 11. e3 Bg4 12. exd4 Bxf3 13. Qxf3 Qxf3 14. gxf3 Bxd4 15. Bxd4 Nxd4 16. O-O-O O-O-O 17. Bh3+ Kc7 18. Rd3 Ne7 19. Rhd1 Nec6 20. a3 g6 21. f4 Rhe8 22.
f5 Ne2+ 23. Nxe2 Rxe2 24. fxg6 hxg6 25. Rd7+ Rxd7 26. Rxd7+ Kb6 27. Rxf7 Nd4 28. Bc8 Rc2+ 29. Kb1 Rxc8 30. Rf6+ Rc6 31. Rf4 Nf5 32. h4 Rc5 33. Rg4 Ne7 34. Re4 Nd5 35. Re6+ Rc6 36. Re5 Rd6 37.
h5 gxh5 38. Rxh5 Kc5 39. Rh7 Kc6 40. Kc2 Rf6 41. Rh2 Nf4 42. Kd2 Nd5 43. Ke2 Re6+ 44. Kd3 Nf4+ 45. Kc3 Ne2+ 46. Kd3 Nf4+ 47. Kc3 Re2 48.
Rh6+ Kc7 49. Rh7+ Kc6 50. Rh6+ Ne6 51. Kd3 Re5 52. f4 Rd5+ 53. Ke4 Rd6 54. Ke5 Rd5+ 55. Ke4 Rd4+ 56. Ke3 Rd6 57. Rh1 Nc5 58. Rc1 Re6+ 59. Kd4 Rd6+ 60. Ke5 Rd5+ 61. Kf6 Kd7 62. f5 Ne4+ 63. Kg6 Rd6+ 64. Kg7 Rd5 65. Re1 Nd6 66.
f6 Rg5+ 67. Kh6 Rf5 68. Kg6 Rf2 69. b4 Rg2+ 70. Kh6 Rf2 71. Re7+ Kc6 72. Kg6 Rg2+ 73. Kh6 Nf5+ 74. Kh7 Nxe7 75. fxe7 Re2 76. Kg7 Rxe7+ 77. Kf6 Re3 78. a4 Ra3 79. b5+ Kb6 0-1

[Event "*** SCC Grand Prix: Titled Tuesday Blitz"]
[Site "Chess.com"]
[Date "2020.07.21"]
[Round "7"]
[White "CzechmVIII"]
[Black "MacDaddyMac"]
[Result "0-1"]
[WhiteElo "2197"]
[BlackElo "2371"]
[TimeControl "180+1"]
[EndTime "11:18:43 PDT"]
[Termination "MacDaddyMac won on time"]

1. e4 e6 2. d4 d5 3. e5 c5 4. c3 Nc6 5. Nf3 Bd7 6. Bd3 Qb6 7.
dxc5 Bxc5 8. O-O Nh6 9. b4 Be7 10. a4 Ng4 11. Qe2 h5 12. Re1 Rc8 13. a5 Qc7 14. h3 Nh6 15. Bf4 Rg8 16. Ng5 a6 17. Qxh5 Bxg5 18. Qxg5 Qd8 19. Qxd8+ Kxd8 20. Nd2 g5 21.
Bh2 Ne7 22. Rac1 g4 23. h4 Nhf5 24. Bg3 Rh8 25. Nb3 Nxh4 26. Bxh4 Rxh4 27. g3 Rh8 28. Kg2 Kc7 29. Nc5 Bc6 30. Rh1 d4+ 31. Be4 Rxh1 32. Rxh1 dxc3 33. Bxc6 Nxc6 34. Rc1 Nxe5 35. Rxc3 Nc6 36.
f3 gxf3+ 37. Kxf3 Rh8 38. Kf4 Rh5 39. g4 Rd5 40. Kg3 Rd4 41. Rf3 f5 42. gxf5 exf5 43.
Rxf5 Rxb4 44. Ne6+ Kb8 45. Nf4 Rb5 46. Rxb5 axb5 47. Nd5 Nxa5 48. Kf3 Ka7 49. Ke3 Ka6 50. Kd4 Nc6+ 51. Kc3 Ka5 52. Kb2 b4 53. Ne3 b5 54.
Nd5 Nd4 55. Nc7 Ka4 56. Nd5 b3 57. Nb6+ Kb4 58. Nd5+ Kc4 59. Nb6+ Kc5 60. Nd7+ Kb4 61. Ne5 Ka4 62. Nd7 Ka5 63. Nc5 Kb4 64. Na6+ Kc4 65.
Nc7 Ne2 66. Nxb5 Nc1 0-1

[Event "*** SCC Grand Prix: Titled Tuesday Blitz"]
[Site "Chess.com"]
[Date "2020.07.21"]
[Round "7"]
[White "AlexOstrovskiy"]
[Black "OK97"]
[Result "1-0"]
[WhiteElo "2628"]
[BlackElo "2792"]
[TimeControl "180+1"]
[EndTime "11:18:45 PDT"]
[Termination "AlexOstrovskiy won by checkmate"]

1. d4 d6 2. e4 Nf6 3. Nc3 g6 4. Bf4 c6 5. Qd2 Nbd7 6. O-O-O Qa5 7. Kb1 e5 8. dxe5 dxe5 9. Bg5 Bb4 10. f3 Bxc3 11. Qxc3 Qxc3 12. bxc3 h6 13. Be3 Ke7 14. Nh3 b6 15. Nf2 Bb7 16. g3 Rad8 17. Be2 Ne8 18. a4 Nc7 19. f4 Ne6 20. Nd3 c5 21. Nf2 Bc6 22. a5 bxa5 23. Bc4 Nb6 24. Bxe6 Kxe6 25. Nd3 Na4 26. Nxc5+ Nxc5 27. Bxc5 Bxe4 28. Rhe1 f5 29.
fxe5 Rxd1+ 30. Rxd1 Rb8+ 31. Kc1 Rb7 32. Rd6+ Kxe5 33.
Rxg6 f4 34. Bd4+ Kd5 35. Rxh6 f3 36. Rh5+ Kd6 37. Rh6+ Kd5 38. Rh5+ Kc6 39. Rh6+ Kd7 40. Rh4 Bg6 41. Rf4 Bh5 42. Kd2 a4 43. Rf5 Bg4 44.
Rd5+ Ke6 45. Ra5 Rf7 46. Ke1 Re7 47. Kf2 Kf7 48. Rxa4 Re2+ 49. Kf1 Bh3+ 50. Kg1 Rg2+ 51. Kh1 Rxc2 52. Rxa7+ Ke6 53. Ra1 Bg2+ 54. Kg1 Kd5 55. Bf2 Rxc3 56. Rd1+ Ke4 57. h4 Kf5 58. Re1 Kg4 59. Re4+ Kh3 60. Re1 Rc2 61. h5 Rc6 62.
Re4 Rc1+ 63. Be1 Rc6 64. Rh4# 1-0

[Event "*** SCC Grand Prix: Titled Tuesday Blitz"]
[Site "Chess.com"]
[Date "2020.07.21"]
[Round "7"]
[White "Maksat-94"]
[Black "doons21"]
[Result "1/2-1/2"]
[WhiteElo "2474"]
[BlackElo "2630"]
[TimeControl "180+1"]
[EndTime "11:18:45 PDT"]
[Termination "Game drawn - insufficient material"]

1. Nf3 Nf6 2. g3 g6 3. Bg2 Bg7 4. O-O O-O 5. c4 d6 6. Nc3 e5 7. d3 a5 8. Bg5 c6 9. Rb1 Nbd7 10.
a3 h6 11. Bxf6 Nxf6 12. Nd2 Be6 13. b4 axb4 14. axb4 Qd7 15. b5 Bh3 16. bxc6 bxc6 17. Qb3 Bxg2 18. Kxg2 d5 19. Qb7 Qc8 20. Rfc1 Qe6 21. cxd5 cxd5 22. Rb6 Qg4 23. Nf3 e4 24. Ne5 Qg5 25. Nxf7 Qxc1 26. Nxd5 Rxf7 27. Qxa8+ Kh7 28.
Nxf6+ Bxf6 29. Qxe4 Qc5 30. Re6 Qf5 31. Qc6 Bg7 32.
f3 h5 33. Qe4 Qg5 34. h4 Qf5 35. Qxf5 Rxf5 36. e3 Ra5 37. f4 Ra3 38. Rd6 Bf8 39. Rd7+ Kg8 40. Kf3 Ra1 41. d4 Bg7 42. Rb7 Bf6 43.
d5 Rd1 44. e4 Rd3+ 45. Kf2 Bd4+ 46. Kg2 Rd2+ 47. Kf1 Bf2 48. Rb3 Bc5 49. Rc3 Bd4 50.
Rc4 Kf7 51. e5 Bxe5 52. fxe5 Rxd5 53. Re4 Ke6 54. Kf2 Rxe5 55. Rxe5+ Kxe5 56. Kf3 Kf5 57. g4+ hxg4+ 58. Kg3 Kf6 59. Kxg4 Kg7 60. Kg5 Kh7 61.
h5 gxh5 62. Kxh5 1/2-1/2